 Dungeon Crawl Stone Soup version 0.20-a0-1121-gbb42413 (webtiles) character file.

49 Mesmaeker13 the Poker (level 4, -4/33 HPs)
             Began as a Human Warper on May 10, 2017.
             Slain by a worker ant (5 damage)
             ... on level 4 of the Dungeon.
             The game lasted 00:05:37 (2527 turns).

Mesmaeker13 the Poker (Human Warper)                Turns: 2527, Time: 00:05:37

Health: -4/33      AC:  3    Str: 12    XL:     4   Next: 1%
Magic:  3/7        EV: 12    Int: 14    God:
Gold:   94         SH:  0    Dex: 12    Spells: 5/7 levels left

rFire    . . .     SeeInvis .   a - +0 spear
rCold    . . .     Gourm    .   (no shield)
rNeg     . . .     Faith    +   b - +0 leather armour
rPois    .         Spirit   .   (no helmet)
rElec    .         Reflect  .   (no cloak)
rCorr    .         Harm     .   (no gloves)
MR       .....     Rnd*Tele +   (no boots)
Stlth    +.........             l - amulet of faith
Regen    0.2/turn               s - ring of teleportation (curse)
MPRegen  0.1/turn               (no ring)

@: lethally poisoned (-4 -> -20), flying
A: no striking features
a: no special abilities


You were on level 4 of the Dungeon.
You were not hungry.

You visited 1 branch of the dungeon, and saw 4 of its levels.

You collected 94 gold pieces.

Inventory:

Hand Weapons
 a - a +0 spear (weapon)
Missiles
 e - a tomahawk of dispersal (quivered)
 j - 24 poisoned needles
Armour
 b - a +0 leather armour (worn)
 p - a +0 robe
Jewellery
 l - an amulet of faith (around neck)
 s - a cursed ring of teleportation (left hand)
Scrolls
 d - a scroll of blinking
 k - a scroll of amnesia
 n - a scroll of enchant armour
Potions
 g - a potion of heal wounds
Books
 c - a book of Spatial Translocations

   Spells                             Type                      Level
   a - Blink                          Translocation                2
   b - Shroud of Golubria             Charms/Translocation         2
   c - Lesser Beckoning               Translocation                3
   d - Gell's Gravitas                Translocation                3
   e - Teleport Other                 Translocation                3
   f - Passage of Golubria            Translocation                4
Comestibles
 f - a bread ration
 i - 2 meat rations
 q - a royal jelly


   Skills:
 - Level 2.0 Fighting
 + Level 3.1 Polearms
 - Level 1.0 Throwing
 - Level 1.0 Armour
 + Level 2.6 Dodging
 - Level 2.1 Spellcasting
 + Level 1.0 Charms
 - Level 3.0 Translocations


You had 5 spell levels left.
You knew the following spells:

 Your Spells              Type           Power        Failure   Level  Hunger
a - Shroud of Golubria    Chrm/Tloc      #.........   21%         2    ###....


Dungeon Overview and Level Annotations

Branches:
Dungeon (4/15)
 Temple: D:4-7

Altars:

Annotations:
D:2 Sigmund


Message History

You hit the worker ant but do no damage.
The worker ant is heavily wounded.
* * * LOW HITPOINT WARNING * * *
You feel sick. The worker ant bites you.
* * * LOW HITPOINT WARNING * * *
The worker ant bites you.
* * * LOW HITPOINT WARNING * * *
You hit the worker ant.
The worker ant is severely wounded.
* * * LOW HITPOINT WARNING * * *
You feel sick. The worker ant closely misses you.
You hit the worker ant but do no damage.
The worker ant is severely wounded.
* * * LOW HITPOINT WARNING * * *
You feel sick. The worker ant barely misses you.
You barely miss the worker ant.
The worker ant is severely wounded.
* * * LOW HITPOINT WARNING * * *
You feel sick. The worker ant bites you.
You die...

. #. .## #. ..###...
#. ..#..## . ##..
#..... ..##...##...#
..... .....#
#.....##.#.######..#
#.......a@.........#
..###!##..<.####.#.#
# ####.# #.# ...
#..## #..# #..# #..#


You could see a worker ant.

Vanquished Creatures
  An adder (D:3)
  A worm (D:1)
  2 dart slugs
  A leopard gecko (D:1)
  6 bats
  2 giant cockroaches (D:1)
  2 goblins (D:1)
  5 hobgoblins
  4 kobolds
  2 ball pythons (D:3)
  A frilled lizard (D:3)
  5 rats
32 creatures vanquished.

Notes
Turn   | Place    | Note
-------+----------+-------------------------------------------
     0 | D:1      | Mesmaeker13 the Human Warper began the quest for the Orb.
     0 | D:1      | Reached XP level 1. HP: 16/16 MP: 3/3
   178 | D:1      | Reached XP level 2. HP: 20/22 MP: 5/5
   400 | D:1      | Learned a level 2 spell: Shroud of Golubria
   844 | D:1      | Reached XP level 3. HP: 19/27 MP: 6/6
  1267 | D:2      | Noticed Sigmund
  1693 | D:3      | Reached skill level 1 in Charms
  2150 | D:3      | Reached XP level 4. HP: 30/33 MP: 7/7
  2527 | D:4      | HP: 1/33 [poisoned by a worker ant]
  2527 | D:4      | Slain by a worker ant

Vault maps used:
D:1:      lemuel_arrival_room
D:2:      minmay_misc_feat_columns, minmay_heptomino_h4, uniq_sigmund
D:3:      first_bread
D:4:      minmay_bisected, uniq_blork_the_orc

Skill      XL: |  1  2  3 |
---------------+----------+-----
Polearms       | 3 |  3.1
Charms         | 1 |  1.0
Fighting       | |  2.0
Throwing       | |  1.0
Armour         | |  1.0
Dodging        | |  2.6
Spellcasting   | |  2.1
Translocations | |  3.0

Action                   |  1- 3 |  4- 6 || total
-------------------------+-------+-------++-------
Melee: Spear             |   164 |    26 ||   190
Throw: Tomahawk          |     4 |       ||     4
 Cast: Shroud of Golubri |     3 |     1 ||     4
  Use: Scroll            |     1 |     2 ||     3
       Potion            |       |     3 ||     3
  Eat: Bread ration      |     1 |       ||     1
       Chunk             |     1 |       ||     1
Armor: Leather armour    |    34 |     4 ||    38
Dodge: Dodged            |    86 |    19 ||   105
